 Dungeon Crawl Stone Soup version 0.19.1 (webtiles) character file.

116 AlphabetPasta the Magician (level 4, -7/27 HPs)
             Began as a High Elf Earth Elementalist on Jan 10, 2017.
             Killed by divine providence
             ... invoked by an orc priest
              (12 damage)
             ... on level 3 of the Dungeon.
             The game lasted 00:13:11 (3248 turns).

AlphabetPasta the Magician (HEEE)                   Turns: 3248, Time: 00:13:11

Health: -7/27      AC:  6    Str:  7    XL:     4   Next: 69%
Magic:  0/10       EV: 13    Int: 20    God:
Gold:   91         SH:  0    Dex: 15    Spells: 3 memorised, 4 levels left

rFire  . . .     SeeInvis .     b - 44 stones
rCold  . . .     Gourm    .     c - +0 robe
rNeg   . . .     Faith    .     (no shield)
rPois  .         Spirit   .     (no helmet)
rElec  .         Reflect  .     f - +0 cloak
rCorr  .         Harm     .     m - +2 pair of gloves
MR     .....                    (no boots)
Stlth  ++........               (no amulet)
                                (no ring)
                                (no ring)

@: very slightly contaminated
A: no striking features
a: no special abilities


You were on level 3 of the Dungeon.
You were not hungry.

You visited 1 branch of the dungeon, and saw 3 of its levels.

You collected 91 gold pieces.

Inventory:

Hand Weapons
 a - a +3 short sword of venom
 n - a +0 quarterstaff
Missiles
 b - 44 stones (in hand)
Armour
 c - a +0 robe (worn)
 f - a +0 cloak (worn)
 m - a +2 pair of gloves (worn)
Jewellery
 M - an uncursed ring of poison resistance {unknown}
Potions
 h - a potion of heal wounds
 i - a potion of invisibility {unknown}
 j - a potion of curing
 l - a potion of flight {unknown}
Books
 e - a book of Geomancy

   Spells                             Type                      Level
   a - Sandblast                      Earth                        1
   b - Passwall                       Transmutation/Earth          2
   c - Stone Arrow                    Conjuration/Earth            3
   d - Petrify                        Transmutation/Earth          4
   e - Lee's Rapid Deconstruction     Earth                        5
Comestibles
 d - 2 bread rations
 g - a beef jerky
 k - 3 chunks of flesh


   Skills:
 - Level 2.1 Dodging
 - Level 2.1 Stealth
 + Level 3.6 Spellcasting
 + Level 1.6 Conjurations
 - Level 1.1 Transmutations
 + Level 3.6 Earth Magic


You had 4 spell levels left.
You knew the following spells:

 Your Spells              Type           Power        Failure   Level  Hunger
a - Sandblast             Erth           ###...       2%          1    None
b - Passwall              Tmut/Erth      ##........   10%         2    ##.....
c - Stone Arrow           Conj/Erth      ##....       14%         3    ###....


Dungeon Overview and Level Annotations

Branches:
Dungeon (3/15)

Altars:
Cheibriados
Elyvilon
The Shining One


Message History

Casting: Sandblast
Confirm with . or Enter, or press ? or * to list all spells.
Aiming: Sandblast
Press: ? - help, Shift-Dir - straight line, f/p - orc priest
Aim: an orc priest, wielding a falchion and wearing a ring mail (severely wounded)
The rocky blast hits the orc priest.
The orc priest is severely wounded.
The orc priest barely misses you.
An orc comes into view. It is wielding a flail.
Casting: Sandblast
Confirm with . or Enter, or press ? or * to list all spells.
Aiming: Sandblast
Press: ? - help, Shift-Dir - straight line, f/p - orc priest
Aim: an orc priest, wielding a falchion and wearing a ring mail (severely wounded)
You miscast Sandblast.
You are very lightly contaminated with residual magic.
You feel earthy.
The orc priest invokes the aid of Beogh against you.
Beogh smites you!
You die...

......# #.# *,,,,,,* *,*
####..# #.# ******,* *,*
####..#####.# *,***,***
.......<....##### *,*,,,,,*
####............#
*,*,,,,,******
#...########.#
*,*,,,,,,,,,,* #>...## #.#
*,*,,,,,****,* ##.....##
#.####.#,,,,,* *,*
###.......#####.@†...#******
*,* ...............o######
*,* #####....######o#*****
*,* ##.#.# *...,,,,* *,*
###.# #...8,,,* *,* #.#
#..8,8,,* *,* ########.#
#.8._,8,**********,*
.........#
#..8,8,,,,,,,,,,,,,*
##########
*,,,8,,,,***********


You could see an orc priest and an orc.

Vanquished Creatures
  Jessica (D:2)
  2 adders (D:2)
  An ooze (D:2)
  A worm (D:2)
  3 dart slugs
  A leopard gecko (D:2)
  An orc (D:3)
  6 bats
  6 goblins
  7 hobgoblins
  9 jackals
  8 kobolds
  A quokka (D:2)
  2 frilled lizards (D:2)
  3 rats (D:2)
52 creatures vanquished.

Notes
Turn   | Place    | Note
-------+----------+-------------------------------------------
     0 | D:1      | AlphabetPasta the High Elf Earth Elementalist began the quest for the Orb.
     0 | D:1      | Reached XP level 1. HP: 11/11 MP: 4/4
   572 | D:1      | Reached XP level 2. HP: 6/17 MP: 1/6
   964 | D:1      | Learned a level 2 spell: Passwall
  1567 | D:2      | Reached XP level 3. HP: 21/21 MP: 5/8
  1737 | D:2      | Learned a level 3 spell: Stone Arrow
  1739 | D:2      | Found a snail-covered altar of Cheibriados.
  1959 | D:2      | Noticed Jessica
  2047 | D:2      | Killed Jessica
  2047 | D:2      | Reached XP level 4. HP: 7/27 MP: 3/10
  2321 | D:2      | Reached skill level 1 in Conjurations
  2702 | D:2      | Found a glowing golden altar of the Shining One.
  3064 | D:3      | Found a white marble altar of Elyvilon.
  3235 | D:3      | Found a faded altar of an unknown god.
  3248 | D:3      | Killed from afar by an orc priest

Skill      XL: |  1  2  3  4 |
---------------+-------------+-----
Earth Magic    | 3 |  3.6
Spellcasting   | 3 |  3.6
Conjurations   | 1 |  1.6
Dodging        | |  2.1
Stealth        | |  2.1
Transmutations | |  1.1

Action                   |  1- 3 |  4- 6 || total
-------------------------+-------+-------++-------
Melee: Unarmed           |     8 |       ||     8
       Short sword       |     6 |    10 ||    16
 Cast: Sandblast         |    67 |    49 ||   116
  Use: Scroll            |       |     5 ||     5
 Stab: Sleeping          |       |     4 ||     4
  Eat: Chunk             |     3 |     4 ||     7
Armor: Robe              |     7 |     8 ||    15
Dodge: Dodged            |    55 |    22 ||    77
